AoeStats
← 【)〢

Arena

510918290Analyzed
1v1 RM · 15h ago on Oct 3, 2026· 61m 26s· 2 players
Game mode
Random Map
Map size
Tiny (2 player)
Population
200
Speed
Normal
Resources
Standard
Victory
Conquest
Starting age
Dark Age
Ending age
Imperial Age
RankedLock teamsTeams togetherTeam positionsShared explorationLock speedFull tech treeHidden civsTurbo modeCheats
Victory
Defeat
🇺🇸 Turks · United States
953
+16
🇻🇪 Teutons · Venezuela
961
-16
【)〢
5:10 Loom
10:45 Feudal Age
11:26 Double-Bit Axe
11:23 Horse Collar
13:11 Wheelbarrow
18:29 Castle Age
19:24 Fletching
25:46 Ballistics
28:35 Town Watch
32:44 Imperial Age
42:13 Scale Barding Armor
47:53 Cavalier
48:45 Bloodlines
51:26 Conscription
50:44 Man-at-Arms
52:06 Bow Saw
51:31 Long Swordsman
52:24 Forging
52:39 Chain Barding Armor
52:21 Scale Mail Armor
52:25 Squires
52:11 Arson
53:10 Two-Handed Swordsman
54:42 Champion
58:54 Iron Casting
58:37 Chain Mail Armor
58:30 Artillery
59:12 Capped Ram
ruvolo19
0:27 Loom
10:54 Feudal Age
15:28 Castle Age
13:29 Stone Mining
21:52 Gold Mining
28:48 Imperial Age
27:18 Scale Mail Armor
29:55 Fletching
30:06 Padded Archer Armor
33:34 Conscription
32:41 Elite Skirmisher
42:34 Pikeman
43:36 Halberdier
48:02 Chain Mail Armor
51:27 Halberdier
52:06 Horse Collar
52:24 Bodkin Arrow
53:04 Bloodlines
54:32 Wheelbarrow
56:25 Ballistics
56:41 Hand Cart
58:30 Chemistry
59:17 Town Watch
59:35 Heavy Plow
59:28 Double-Bit Axe
59:39 Man-at-Arms
60:04 Gambesons
60:19 Squires
60:04 Arson
60:47 Bombard Tower
Connection lost

Rejoining the realm…

Still unreachable

The connection could not be restored.

Session expired

The server has moved on; the page needs a fresh start.